AoeStats
← Juanfreelance

MegaRandom

510014003Analyzed
2v2 RM · 2d ago on Sep 29, 2026· 42m 58s· 4 players
Game mode
Random Map
Map size
Medium (4 player)
Population
200
Speed
Normal
Resources
Standard
Victory
Conquest
Starting age
Dark Age
Ending age
Imperial Age
RankedLock teamsTeams togetherTeam positionsShared explorationLock speedFull tech treeHidden civsTurbo modeCheats
Victory
Defeat
🇺🇸 Wei · United States
1339
+17
🇺🇸 Malay · United States
1319
+18
🇭🇰 Danes · Hong Kong SAR China
1369
-18
🇵🇦 Persians · Panama
1361
-17
MadScientist
0:38 Loom
10:19 Feudal Age
14:33 Castle Age
13:12 Double-Bit Axe
13:32 Stone Mining
17:21 Bow Saw
18:08 Horse Collar
20:04 Scale Mail Armor
20:27 Arson
22:26 Chain Mail Armor
22:23 Gold Mining
22:52 Squires
27:01 Gold Mining
28:10 Forging
29:22 Wheelbarrow
28:35 Town Watch
30:01 Fletching
31:03 Iron Casting
34:13 Heavy Plow
36:54 Imperial Age
36:14 Bodkin Arrow
38:35 Conscription
38:39 Fervor
39:10 Hand Cart
38:59 Hamask
41:09 Plate Mail Armor
Juanfreelance
0:50 Loom
0:55 Loom
9:35 Feudal Age
13:40 Castle Age
20:55 Horse Collar
21:09 Double-Bit Axe
22:49 Husbandry
23:46 Forging
23:43 Gold Mining
27:55 Scale Barding Armor
28:43 Bloodlines
31:09 Wheelbarrow
32:32 Hand Cart
35:03 Gold Shaft Mining
39:35 Imperial Age
37:07 Fletching
37:17 Padded Archer Armor
38:22 Ballistics
38:58 Bodkin Arrow
39:01 Murder Holes
39:22 Heavy Scorpion
41:08 Chemistry
40:25 Leather Archer Armor
41:15 Pikeman
42:38 Ring Archer Armor
41:58 Cavalier
WingsRegained
0:30 Loom
9:13 Feudal Age
8:56 Double-Bit Axe
15:45 Castle Age
14:46 Crossbowman
15:18 Fletching
15:35 Fishing Lines
17:39 Bow Saw
18:01 Gillnets
18:31 Town Watch
19:31 Bodkin Arrow
21:33 Wheelbarrow
22:51 Ballistics
23:06 Padded Archer Armor
24:50 Hand Cart
25:34 Thumb Ring
28:11 Horse Collar
28:29 Gold Mining
28:30 Stone Mining
32:52 Imperial Age
31:21 Gold Shaft Mining
31:55 Stone Shaft Mining
31:25 Treadmill Crane
32:07 Heavy Plow
32:24 Bracer
33:31 Chemistry
32:42 Arbalester
34:20 Conscription
35:48 Husbandry
35:57 Scale Barding Armor
36:52 Elite Battle Elephant
37:43 Forging
38:21 Leather Archer Armor
39:59 Crop Rotation
Tavious330
8:11 Feudal Age
8:45 Double-Bit Axe
9:02 Horse Collar
12:06 Stone Mining
13:44 Loom
17:31 Castle Age
17:51 Wheelbarrow
18:25 Bow Saw
18:22 Heavy Plow
18:52 Bloodlines
18:46 Husbandry
19:30 Gold Mining
22:53 Scale Barding Armor
24:18 Chain Barding Armor
26:03 Forging
28:56 Gold Shaft Mining
29:42 Iron Casting
30:54 Tuntian
42:26 Hand Cart
46:04 Imperial Age
Connection lost

Rejoining the realm…

Still unreachable

The connection could not be restored.

Session expired

The server has moved on; the page needs a fresh start.